 Dungeon Crawl Stone Soup version 0.26-a0-1049-g242049e08c (webtiles) character file.

Game seed: 14664569539814300367

0 ANON1729 the Caller (level 1, -6/13 HPs)
             Began as a Mummy Summoner on Dec 12, 2020.
             Mangled by a gnoll
             ... wielding a +0 whip
              (10 damage)
             ... on level 1 of the Dungeon.
             The game lasted 00:00:51 (77 turns).

ANON1729 the Caller (Mummy Summoner)                  Turns: 77, Time: 00:00:52

Health: -6/13      AC:  2    Str: 11    XL:     1   Next: 8%
Magic:  3/4        EV: 12    Int: 14    God:
Gold:   0          SH:  0    Dex: 12    Spells: 4/5 levels left

rFire    x . .     SeeInvis .   b - +0 dagger
rCold    + . .     Faith    .   (no shield)
rNeg     + + +     Spirit   .   a - +0 robe
rPois    ∞         Reflect  .   (no helmet)
rElec    .         Harm     .   (no cloak)
rCorr    .         Rampage  .   (no gloves)
Will     .....                  (no boots)
Stlth    ++........             (no amulet)
HPRegen  0.04/turn              (no ring)
MPRegen  0.09/turn              (no ring)

@: no status effects
A: no potions, fire vulnerability, cold resistance 1, negative energy resistance
3, torment resistance, unbreathing
a: no special abilities


You were on level 1 of the Dungeon.
You visited 1 branch of the dungeon, and saw 1 of its levels.

Inventory:

Hand Weapons
 b - a +0 dagger (weapon)
Armour
 a - a +0 robe (worn)


   Skills:
 + Level 1.5 Dodging
 + Level 1.5 Stealth
 + Level 2.7 Spellcasting
 * Level 3.2 Summonings


You had 4 spell levels left.
You knew the following spells:

 Your Spells              Type           Power        Failure   Level
a - Summon Small Mammal   Summ           ##..         6%          1

Your spell library contained the following spells:

 Spells                   Type           Power        Failure   Level
 Call Imp                 Summ           ##......     9%          2
 Call Canine Familiar     Summ           ##......     17%         3
 Summon Guardian Golem    Hex/Summ       #.......     34%         3
 Summon Ice Beast         Ice/Summ       #.......     75%         4
 Summon Lightning Spire   Summ/Air       #.......     75%         4


Dungeon Overview and Level Annotations

Branches:
Dungeon (1/15)

Altars:


Innate Abilities, Weirdness & Mutations

You do not drink.
Your flesh is vulnerable to fire.
You are immune to poison.
Your flesh is cold resistant. (rC+)
You are immune to negative energy. (rN+++)
You are immune to unholy pain and torment.
You can survive without breathing.


Message History

The rat closely misses you.
Your rat barely misses the rat.
You are too injured to fight recklessly!
You are too injured to fight recklessly!
You are too injured to fight recklessly!
You are too injured to fight recklessly!
The rat bites your rat.
Your rat dies!
Your rat's corpse disappears in a puff of smoke!
There is a staircase leading out of the dungeon here.
There is a stone staircase leading down here.
Found 4 gold pieces.
You aren't carrying any items that you can evoke.
You can't drink.
Unknown command.
A goblin comes into view. It is wielding a +0 dagger.
Casting: Summon Small Mammal (safe; 6% risk of failure)
Confirm with . or Enter, or press ? or * to list all spells.
The gnoll hits you with a +0 whip!
Ouch! That really hurt!
You die...

... ... ..... #..# ......##.#
..#.. ##..# .....?......... # ..
...# #.#.#.#.##..... #.#.##..#
#.............. #.#.##..###
##.#.#.#...?.... # .........
.....#.#........
#g###.##..#########.#...#.$......
..........g..r.g@...#.#..........
..............r##.......#.##.....
#####..≈≈≈≈....#...≈≈≈≈...##.....
#.≈≈≈§≈§.§....≈≈≈≈≈≈..##.>g..
##.≈≈§§§≈.§><..≈≈≈≈≈≈.........
####..≈§§§§≈§§....≈≈≈≈≈≈.###.....
.......≈§≈§..####..≈≈≈≈..# #.....
####.#...§§.## ##......## #.....
....$....#..# #........ ..?.#.


You could see a gnoll, a goblin, a rat and a friendly quokka (summoned).

Vanquished Creatures (collateral kills)
  A kobold (D:1)
1 creature vanquished.

Notes
Turn   | Place    | Note
-------+----------+-------------------------------------------
     0 | D:1      | ANON1729 the Mummy Summoner began the quest for the Orb.
     0 | D:1      | Reached XP level 1. HP: 13/13 MP: 4/4
    77 | D:1      | Mangled by a gnoll

Illustrated notes

Levels and vault maps discovered:
D:1:      dpeg_arrival_pits, layout_basic, minmay_box_of_dots

Action                   || total
-------------------------++-------
Melee: Dagger            ||     6
       Unarmed           ||     4
 Cast: Summon Small Mamm ||     3
Armor: Robe              ||     2
Dodge: Dodged            ||     3

Table legend: (Time is in decaauts)
 A = Elapsed time spent in this place.
 B = Non-inter-level travel time spent in this place.
 C = Inter-level travel time spent in this place.
 D = Time resting spent in this place.
 E = Time spent auto-exploring this place.
 F = Levels seen in this place.
 G = Mean time per level.
                   A        B        C        D        E       F      G
               +--------+--------+--------+--------+--------+-----+--------+
         Total |     76 |     76 |      0 |      0 |     18 |   1 |   76.0 |
       Dungeon |     76 |     76 |      0 |      0 |     18 |   1 |   76.0 |
               +--------+--------+--------+--------+--------+-----+--------+

Top non-repeatable levels by time:
     D:1: 76 daAuts
